 Dungeon Crawl Stone Soup version 0.18.1-5-g4a78601 (webtiles) character file.

135 DeXoteric the Ruffian (level 4, -1/41 HPs)
             Began as a Troll Warper on May 14, 2016.
             Slain by a scorpion (7 damage)
             ... on level 4 of the Dungeon.
             The game lasted 00:06:58 (2459 turns).

DeXoteric the Ruffian (Troll Warper)                Turns: 2459, Time: 00:06:58

Health: -1/41      AC:  5    Str: 19    XL:     4   Next: 97%
Magic:  4/4        EV: 10    Int:  9    God:
Gold:   175        SH:  0    Dex: 10    Spells: 2 memorised, 2 levels left

rFire  . . .     SeeInvis .       - Unarmed
rCold  . . .     Gourm    +     a - +0 robe
rNeg   . . .     Faith    .     (no shield)
rPois  .         Spirit   .     (helmet restricted)
rElec  .         Dismiss  .     (no cloak)
rCorr  .         Reflect  .     (gloves unavailable)
SustAt .         Harm     .     (boots unavailable)
MR     .....                    (no amulet)
Stlth  +.........               (no ring)
                                (no ring)

@: lethally poisoned (-1 -> -5), not resistant to hostile enchantments, very
unstealthy
A: unfitting armour, claws 3, fast metabolism 3, gourmand, regeneration 2,
shaggy fur 1, tough skin 2
a: no special abilities


You were on level 4 of the Dungeon.
You were completely stuffed.

You visited 1 branch of the dungeon, and saw 4 of its levels.

You collected 175 gold pieces.

Inventory:

Missiles
 d - 5 tomahawks of dispersal
 e - a throwing net (quivered)
Armour
 a - a +0 robe (worn)
Scrolls
 c - a scroll of blinking
 j - 2 scrolls of random uselessness {unknown}
 k - a scroll of fog {unknown}
 m - a scroll of recharging {unknown}
 o - 3 scrolls of remove curse {unknown}
 s - a scroll of enchant weapon {unknown}
 u - a scroll of teleportation {unknown}
 v - a scroll of amnesia {unknown}
Potions
 h - 2 potions of brilliance
 i - 2 potions of lignification {unknown}
 n - 3 potions of curing
 p - a potion of resistance {unknown}
 q - a potion of haste {unknown}
 r - 2 potions of flight {unknown}
Books
 b - a book of Spatial Translocations

   Spells                             Type                      Level
   a - Apportation                    Translocation                1
   b - Blink                          Translocation                2
   c - Shroud of Golubria             Charms/Translocation         2
   d - Portal Projectile              Translocation                3
   e - Teleport Other                 Translocation                3
   f - Passage of Golubria            Translocation                4
Comestibles
 f - 5 bread rations
 l - 2 slices of pizza
 t - a chunk of flesh


   Skills:
 - Level 1.5 Fighting
 - Level 0.8 Throwing
 - Level 1.9 Dodging
 + Level 5.2 Unarmed Combat
 - Level 1.2 Spellcasting
 - Level 2.1 Translocations


You had 2 spell levels left.
You knew the following spells:

 Your Spells              Type           Power        Failure   Level  Hunger
A - Apportation           Tloc           #.........   14%         1    ##.....
B - Blink                 Tloc           N/A          21%         2    ###....


Dungeon Overview and Level Annotations

Branches:
Dungeon (4/15)
 Temple: D:4-7

Altars:


Innate Abilities, Weirdness & Mutations

You are too large for most types of armour.
You have claws for hands.
Your metabolism is lightning-fast.
You like to eat raw meat.
You heal very quickly.
You are covered in fur (AC +1).
You have very tough skin (AC +2).


Message History

The scorpion is heavily wounded.
You feel sick.
You scratch the scorpion.
The scorpion is severely wounded.
You feel sick. The scorpion stings you.
* * * LOW HITPOINT WARNING * * *
You are more poisoned.
The scorpion poisons you!
You scratch the scorpion but do no damage.
The scorpion is severely wounded.
You feel sick. The scorpion barely misses you.
You closely miss the scorpion.
The scorpion is severely wounded.
You feel sick. The scorpion stings you!
* * * LOW HITPOINT WARNING * * *
You are too injured to fight recklessly!
You scratch the scorpion but do no damage.
The scorpion is severely wounded.
You feel sick. The scorpion stings you!
You die...

#.# #..#####.<#
# #^.... #.#
##.#......# #..
..
#.####..##.##.#
#.
#.##........#..
#.##..#.###.####
#.###.#..# ..
#.# +.##.##.#
###
####..#s######
##.T.......
#..####### ....#
.......
#........
#.........
#......#..
########..


You could see a scorpion.

Vanquished Creatures
  6 adders
  An ooze (D:1)
  3 worms
  3 dart slugs
  2 giant geckos
  A ball python (D:1)
  5 giant cockroaches
  9 goblins
  9 hobgoblins
  A quokka (D:2)
  5 bats
  4 giant newts
  6 kobolds
  7 rats
62 creatures vanquished.

Notes
Turn   | Place    | Note
--------------------------------------------------------------
     0 | D:1      | DeXoteric the Troll Warper began the quest for the Orb.
     0 | D:1      | Reached XP level 1. HP: 19/19 MP: 1/1
   149 | D:1      | Reached XP level 2. HP: 27/27 MP: 2/2
   171 | D:1      | Reached skill level 3 in Unarmed Combat
   598 | D:2      | Reached XP level 3. HP: 33/33 MP: 3/3
   752 | D:2      | Reached skill level 4 in Unarmed Combat
   871 | D:2      | Reached XP level 4. HP: 40/41 MP: 4/4
  1810 | D:3      | Reached skill level 5 in Unarmed Combat
  2366 | D:4      | Learned a level 2 spell: Blink
  2386 | D:4      | Noticed an ice beast
  2459 | D:4      | Slain by a scorpion

Skill      XL: |  1  2  3  4 |
---------------+-------------+-----
Unarmed Combat | 3 4 5 |  5.2
Fighting       | |  1.5
Throwing       | |  0.8
Dodging        | |  1.9
Spellcasting   | |  1.2
Translocations | |  2.1

Action                   |  1- 3 |  4- 6 || total
-------------------------+-------+-------++-------
Melee: Unarmed           |    89 |    86 ||   175
  Use: Scroll            |       |     3 ||     3
 Stab: Sleeping          |     1 |     1 ||     2
  Eat: Chunk             |    13 |    15 ||    28
Armor: Robe              |    27 |    28 ||    55
Dodge: Dodged            |    52 |    36 ||    88
